 Dungeon Crawl Stone Soup version 0.24-a0-280-g7cec4da (webtiles) character file.

Game seed: 128728468043048965

338 Dantiko the Stinger (level 6, -1/52 HPs)
             Began as a Naga Venom Mage on May 4, 2019.
             Was a Follower of Vehumet.
             Slain by Grinder (4 damage)
             ... on level 3 of the Dungeon.
             The game lasted 00:16:08 (3026 turns).

Dantiko the Stinger (Naga Venom Mage)               Turns: 3026, Time: 00:16:08

Health: -1/52      AC: 10    Str: 10    XL:     6   Next: 55%
Magic:  0/9        EV: 10    Int: 18    God:    Vehumet [*.....]
Gold:   68         SH:  0    Dex: 11    Spells: 3/9 levels left

rFire    + . .     SeeInvis +   t - +2 dagger (flame)
rCold    . . .     Gourm    .   (no shield)
rNeg     . . .     Faith    .   a - +0 robe
rPois    +         Spirit   .   (no helmet)
rElec    .         Reflect  .   (no cloak)
rCorr    .         Harm     .   j - +1 pair of gloves
MR       .....                  (no barding)
Stlth    ++........             m - amulet of the acrobat
HPRegen  0.17/turn              o - +5 ring of protection
MPRegen  0.11/turn              u - ring of protection from fire

@: very slow
A: large, see invisible, deformed body, poison resistance, slowness 2, slow
metabolism 1, spit poison 1, AC +2
a: Spit Poison, Renounce Religion


You were on level 3 of the Dungeon.
You worshipped Vehumet.
Vehumet was aware of your devotion.
You were hungry.

You visited 1 branch of the dungeon, and saw 3 of its levels.

You collected 68 gold pieces.

Inventory:

Hand Weapons
 t - a +2 dagger of flaming (weapon)
Missiles
 q - 9 poisoned needles
Armour
 a - a +0 robe (worn)
 j - a +1 pair of gloves (worn)
Jewellery
 m - an amulet of the acrobat (around neck)
 o - a +5 ring of protection (left hand)
 u - a ring of protection from fire (right hand)
Scrolls
 f - a scroll of amnesia
 l - a scroll of immolation
 r - a scroll of teleportation
 s - a scroll of magic mapping
Potions
 b - a potion of ambrosia {unknown}
 e - a potion of flight {unknown}
 g - a potion of brilliance {unknown}
 h - a potion of agility {unknown}
 i - a potion of mutation {unknown}
 k - a potion of heal wounds {unknown}
Comestibles
 c - 5 rations


   Skills:
 - Level 2.0 Fighting
 - Level 2.0 Short Blades
 - Level 2.0 Dodging
 + Level 4.1 Stealth
 - Level 2.0 Spellcasting
 - Level 3.0 Conjurations
 - Level 3.0 Air Magic
 + Level 5.0 Poison Magic


You had 3 spell levels left.
You knew the following spells:

 Your Spells              Type           Power        Failure   Level  Hunger
a - Shock                 Conj/Air       ##..         5%          1    #......
b - Poisonous Vapours     Pois/Air       ###...       5%          2    ###....
c - Mephitic Cloud        Conj/Pois/Air  ###.....     12%         3    ###....

Your spell library contained the following spells:

 Spells                   Type           Power        Failure   Level  Hunger
 Sting                    Conj/Pois      ###.         3%          1    #......
 Olgreb's Toxic Radiance  Pois           ###.....     22%         4    #####..
 Venom Bolt               Conj/Pois      ###.......   67%         5    ######.


Dungeon Overview and Level Annotations

Branches:
Dungeon (3/15)

Altars:
Gozag
Vehumet

Annotations:
D:3 Grinder


Innate Abilities, Weirdness & Mutations

You cannot wear boots.
Your serpentine skin is tough. (AC +2)
You have supernaturally acute eyesight. (SInv)
Armour fits poorly on your strangely shaped body.
Your system is resistant to poisons. (rPois)
You cover ground very slowly.
You have a slow metabolism.
You can spit poison.


Message History

Grinder says, "DUCK!"
Grinder gestures at you.
You struggle to resist.
You hit Grinder but do no damage.
Grinder is severely wounded.
You barely miss Grinder.
Grinder is severely wounded.
Grinder hits you.
* * * LOW HITPOINT WARNING * * *
You writhe in agony.
* * * LOW HITPOINT WARNING * * *
You hit Grinder. You burn Grinder.
Grinder is almost dead.
Grinder misses you.
You hit Grinder. You burn Grinder.
Grinder is almost dead.
Grinder hits you.
* * * LOW HITPOINT WARNING * * *
You writhe in agony.
You die...

#5.. ......................
#.... ##....###.#######...###
#.... #...(.....####.....##
#..... #....# #....#..##..#
.##...##...######..#.###.##
...........#...##........# ###
..........#............#####..
............5................#
.............@........#.######
..........................
.#..##.....).##......###..#
#.##..♣...♣).###...## ..#
#.#...........##..## ..# #
#.....♣.....#..## ...
#..<.....>..#.## #...
#.....♣.)...# #
#...........#.#


You could see Grinder.

Vanquished Creatures
  Sigmund (D:2)
  2 orc wizards (D:2)
  3 adders
  4 worms (D:2)
  2 dart slugs
  A leopard gecko (D:3)
  12 orcs
  A ball python (D:3)
  A giant cockroach (D:3)
  7 goblins
  10 hobgoblins
  9 jackals
  A quokka (D:3)
  6 bats
  A frilled lizard (D:1)
  7 kobolds
  6 rats
74 creatures vanquished.

Notes
Turn   | Place    | Note
-------+----------+-------------------------------------------
     0 | D:1      | Dantiko the Naga Venom Mage began the quest for the Orb.
     0 | D:1      | Reached XP level 1. HP: 15/15 MP: 3/3
   101 | D:1      | Reached XP level 2. HP: 22/24 MP: 1/5
   145 | D:1      | Learned a level 2 spell: Poisonous Vapours
   320 | D:1      | Reached skill level 1 in Fighting
   739 | D:2      | Reached XP level 3. HP: 28/31 MP: 3/6
   911 | D:2      | Learned a level 3 spell: Mephitic Cloud
   955 | D:2      | Found a radiant altar of Vehumet.
   974 | D:2      | Became a worshipper of Vehumet
  1106 | D:2      | Reached XP level 4. HP: 39/39 MP: 0/7
  1271 | D:2      | Found an opulent altar of Gozag.
  1835 | D:3      | Noticed Sigmund
  1898 | D:3      | Noticed Grinder
  1964 | D:2      | Reached skill level 1 in Air Magic
  2095 | D:3      | Reached XP level 5. HP: 43/45 MP: 0/8
  2184 | D:2      | Killed Sigmund
  2184 | D:2      | Reached XP level 6. HP: 19/52 MP: 1/9
  2403 | D:3      | Reached * piety under Vehumet
  2403 | D:3      | Offered knowledge of Shock by Vehumet.
  2771 | D:3      | Reached skill level 5 in Poison Magic
  2992 | D:3      | Learned a level 1 spell: Shock
  3000 | D:3      | Paralysed by Grinder for 7 turns
  3012 | D:3      | Paralysed by Grinder for 4 turns
  3026 | D:3      | Slain by Grinder

Levels and vault maps discovered:
D:1:      giann_horns, layout_rooms
D:2:      layout_basic, lemuel_crystal_altar, grunt_gozag_breadcrumbs,
          first_ration
D:3:      layout_rooms, grunt_ministairs_10, uniq_grinder, uniq_sigmund

Skill      XL: |  1  2  3  4  5  6 |
---------------+-------------------+-----
Fighting       | 1 2 |  2.0
Stealth        | 4 |  4.1
Dodging        | 2 |  2.0
Air Magic      | 1 2 3 |  3.0
Short Blades   | 2 |  2.0
Conjurations   | 2 3 |  3.0
Poison Magic   | 5 |  5.0
Spellcasting   | |  2.0

Action                   |  1- 3 |  4- 6 || total
-------------------------+-------+-------++-------
Melee: Short sword       |    21 |    68 ||    89
       Dagger            |       |     9 ||     9
 Cast: Sting             |     8 |     1 ||     9
       Poisonous Vapours |    32 |    56 ||    88
       Mephitic Cloud    |       |     2 ||     2
       Shock             |       |    12 ||    12
 Abil: Spit Poison       |     3 |     5 ||     8
  Use: Scroll            |       |     6 ||     6
 Stab: Sleeping          |     1 |       ||     1
  Eat: Chunk             |     2 |     9 ||    11
Armor: Robe              |     5 |    43 ||    48
Dodge: Dodged            |    21 |    59 ||    80

Table legend:
 A = Non-vault XP
 B = Vault XP
 C = Vault XP percentage of total XP
 D = Non-vault monster count
 E = Vault monster count
 F = Vault count percentage of total count
                 A         B        C        D         E       F
            +---------+---------+-------+---------+---------+-------
      Total |     258 |     226 |  46.7 |      71 |       3 |   4.1
            +---------+---------+-------+---------+---------+-------
        D:1 |      32 |       0 |   0.0 |      20 |       0 |   0.0
        D:2 |     167 |     220 |  56.8 |      29 |       1 |   3.3
        D:3 |      59 |       6 |   9.2 |      22 |       2 |   8.3
            +---------+---------+-------+---------+---------+-------
